Punishers vs Inferno
Created - March 7, 2018 at 19:01
Goals
|
| Punishers |
4 |
1 |
4 |
9 |
| Inferno |
0 |
0 |
3 |
3 |
|
Shots
|
| Punishers |
11 |
6 |
15 |
32 |
| Inferno |
5 |
14 |
17 |
36 |
|
1st period
1. Punishers , Mattias Tedenby 28 (Casey Cizikas 31, Tanner Glass 24) at 5:06
2. Punishers , Luke Adam 25 (Tanner Glass 25) at 5:26 (PP)
3. Punishers , Mattias Tedenby 29 (Stefan Elliott 27, Oscar Sundqvist 7) at 7:59 (PP)
4. Punishers , Tanner Glass 26 (Quinton Howden 2, Jordan Schmaltz 8) at 12:14
Penalties :
Vladimir Zharkov (Anc) for Slashing (Minor) at 5:09, Mathieu Brodeur (Anc) for Interference (Minor) at 7:47, Erik Nystrom (Pro) for Slashing (Minor) at 10:02
2nd period
5. Punishers , Quinton Howden 2 (Tanner Glass 26, Damon Severson 8) at 2:54
Penalties :
Vladimir Sobotka (Anc) for Roughing (Minor) at 10:02
3rd period
6. Inferno , Kyle Palmieri 20 (Matt Kassian 19) at 2:30
7. Punishers , Luke Adam 26 (Mattias Tedenby 32, Tanner Glass 27) at 4:48 (PP)
8. Punishers , Mattias Tedenby 30 (Tanner Glass 28, Stefan Elliott 28) at 11:44
9. Inferno , Matt Kassian 12 (Kyle Palmieri 22, Colby Robak 32) at 12:07
10. Punishers , Casey Cizikas 14 (Nick Schultz 30, Mattias Tedenby 33) at 14:35
11. Punishers , Erik Nystrom 3 (Miikka Salomaki 8, Oscar Sundqvist 8) at 16:11
12. Inferno , Matthew Nieto 11 (Mathieu Brodeur 13, Philip Varone 9) at 17:49
Penalties :
Esa Lindell (Anc) for Boarding (Minor) at 4:24, Mathieu Brodeur (Anc) for Fighting (Major) at 8:34, David Laliberté (Pro) for Fighting (Major) at 8:34
Goalie Stats
Niklas Svedberg (Pro), 33 saves from 36 shots - (0.917), W, 22-22-7, 60:00 minutes
Christopher Gibson (Anc), 16 saves from 21 shots - (0.762), 47:46 minutes
Michael Hutchinson (Anc), 7 saves from 11 shots - (0.636), L, 19-15-3, 12:14 minutes
Players Stats for Punishers
Player Name G A P +/- PIM S H SB GA TA FO MP PP MP PK MP
------------------------------------------------------------------------------------
Carter Ashton 0 0 0 2 0 0 0 0 0 1 1/2 6:08 0:00 0:00
Casey Cizikas 1 1 2 2 0 3 2 1 0 0 13/33 20:52 0:58 0:20
Damon Severson 0 1 1 1 0 0 0 0 0 0 0/0 22:38 1:56 0:00
David Laliberté 0 0 0 -1 5 4 0 1 3 0 0/0 16:50 0:58 0:31
Dylan DeMelo 0 0 0 -1 0 0 0 1 0 1 0/0 12:03 0:00 0:00
Erik Nystrom 1 0 1 1 2 2 2 3 0 0 0/0 12:25 0:00 0:00
Garret Ross 0 0 0 -2 0 0 1 1 1 0 0/0 19:03 0:58 0:20
Jordan Schmaltz 0 1 1 3 0 0 1 0 1 2 0/0 18:43 0:44 0:43
Luke Adam 2 0 2 -2 0 8 3 1 1 1 13/23 20:14 1:42 1:08
Mattias Tedenby 3 2 5 2 0 6 1 1 1 1 1/4 21:25 1:54 0:00
Miikka Salomaki 0 1 1 1 0 0 1 0 0 0 0/0 12:34 0:00 0:00
Nick Schultz 0 1 1 2 0 2 0 4 2 1 0/0 24:11 0:44 1:16
Oscar Sundqvist 0 2 2 0 0 1 1 0 0 1 3/10 15:43 0:12 1:08
Quinton Howden 1 1 2 2 0 1 0 0 1 0 0/3 6:08 0:00 0:00
Radek Faksa 0 0 0 0 0 0 0 0 0 0 0/0 0:00 0:00 0:00
Stefan Elliott 0 2 2 1 0 1 1 1 1 1 0/0 29:14 2:08 1:16
Tanner Glass 1 5 6 4 0 3 3 1 0 2 1/3 26:37 1:54 0:31
Trevor Van Riemsdyk 0 0 0 0 0 1 0 3 0 2 0/0 13:11 0:12 0:43
Players Stats for Inferno
Player Name G A P +/- PIM S H SB GA TA FO MP PP MP PK MP
------------------------------------------------------------------------------------
Anders Lee 0 0 0 -2 0 0 2 0 1 0 9/18 16:43 1:05 0:54
Bryan Rust 0 0 0 -1 0 0 1 1 0 1 0/0 11:57 0:00 0:00
Cal O'Reilly 0 0 0 -1 0 2 0 0 0 0 3/8 11:57 0:00 0:00
Christian Folin 0 0 0 -3 0 3 0 3 1 1 0/0 26:52 1:20 1:57
Colby Robak 0 1 1 -3 0 0 0 0 2 2 0/0 26:04 1:20 1:57
David Ullstrom 0 0 0 -2 0 5 2 2 1 0 5/7 23:18 1:05 1:44
Esa Lindell 0 0 0 1 2 1 1 1 0 0 0/0 16:55 0:39 0:00
Greg Pateryn 0 0 0 -1 0 0 0 1 1 0 0/0 14:26 0:00 0:12
Kyle Palmieri 1 1 2 -1 0 6 3 0 1 0 0/0 15:25 0:54 0:00
Mathieu Brodeur 0 1 1 1 7 0 1 0 0 2 0/0 18:40 0:39 0:43
Matt Kassian 1 1 2 -1 0 3 0 1 0 0 1/1 14:31 0:00 0:00
Matthew Nieto 1 0 1 1 0 2 0 0 0 0 0/0 9:03 0:00 0:53
Philip Varone 0 1 1 1 0 2 1 0 1 0 1/1 9:16 0:54 0:12
Simon Danis-Pepin 0 0 0 -1 0 1 0 2 2 1 0/0 17:00 0:00 0:55
Tanner Pearson 0 0 0 -1 0 3 1 0 1 1 0/0 13:08 0:54 0:15
Tyler Shattock 0 0 0 1 0 1 2 0 0 0 1/1 8:10 0:00 0:00
Vladimir Sobotka 0 0 0 -1 2 4 1 0 1 2 24/39 20:58 0:00 0:41
Vladimir Zharkov 0 0 0 -2 2 3 4 1 1 1 2/3 22:40 1:05 1:05
3 Stars
1 - Tanner Glass (Pro)
2 - Mattias Tedenby (Pro)
3 - Casey Cizikas (Pro)
Power Play
Punishers - 3 on 4 Attempt(s) - 75.00%
Inferno - 0 on 1 Attempt(s) - 0.00%
Penalty Kill
Punishers - 1 on 1 Attempt(s) - 100.00%
- Score 0 goal in Penalty Kill
Inferno - 1 on 4 Attempt(s) - 25.00%
- Score 0 goal in Penalty Kill
Team Stat
Punishers - Hits : 16 - Faceoff Wins : 32 - Blocked Shots : 18 - Penalty Minutes : 7
Inferno - Hits : 19 - Faceoff Wins : 46 - Blocked Shots : 12 - Penalty Minutes : 13
Official
Referees : Leggo Mike and Devorski Paul
Linesman : Derek Nansen and Darren Gibbs
Game Notes
Christopher Gibson enters game at 12:14 of 1st period
Mathieu Brodeur and David Laliberté fight to a draw at 8:34 of 3rd period
Mattias Tedenby has scored a Hat Trick!
Finance
Level 1 -- Attendance: 1457 (72.85%) -- Ticket Income $58,280
Level 2 -- Attendance: 769 (76.90%) -- Ticket Income $15,380
Total Attendance: 2226 (74.20%)
Total Ticket Income: $73,660
Other Income: $3,683
Total Income: $77,343
Punishers
5 vs 5 Forward
Center Left Wing Right Wing Time % Phy DF OF
1 Casey Cizikas Tanner Glass Mattias Tedenby 40 0 2 3
2 Luke Adam Garret Ross David Laliberté 30 0 2 3
3 Oscar Sundqvist Erik Nystrom Miikka Salomaki 20 1 2 2
4 Quinton Howden Tanner Glass Carter Ashton 10 1 2 2
5 vs 5 Defense
Defense Defense Time % Phy DF OF
1 Stefan Elliott Nick Schultz 40 1 2 2
2 Damon Severson Jordan Schmaltz 30 1 2 2
3 Trevor Van Riemsdyk Dylan DeMelo 20 1 2 2
4 Stefan Elliott Damon Severson 10 1 2 2
PowerPlay Forward
Center Left Wing Right Wing Time % Phy DF OF
1 Luke Adam Tanner Glass Mattias Tedenby 60 0 1 4
2 Casey Cizikas Garret Ross David Laliberté 40 0 1 4
PowerPlay Defense
Defense Defense Time % Phy DF OF
1 Stefan Elliott Damon Severson 60 0 2 3
2 Nick Schultz Jordan Schmaltz 40 0 2 3
Penalty Kill 4 Players Forward
Center Wing Time % Phy DF OF
1 Luke Adam Oscar Sundqvist 60 0 4 1
2 Tanner Glass David Laliberté 40 0 4 1
Penalty Kill 4 Players Defense
Defense Defense Time % Phy DF OF
1 Stefan Elliott Nick Schultz 60 0 4 1
2 Trevor Van Riemsdyk Jordan Schmaltz 40 0 4 1
Penalty Kill - 3 Players Forward
Forward Time % Phy DF OF
1 Luke Adam 60 0 5 0
2 Oscar Sundqvist 40 0 5 0
Penalty Kill - 3 Players Defense
Defense Defense Time % Phy DF OF
1 Stefan Elliott Nick Schultz 60 0 5 0
2 Trevor Van Riemsdyk Jordan Schmaltz 40 0 5 0
4 vs 4 Forward
Center Wing Time % Phy DF OF
1 Casey Cizikas Mattias Tedenby 60 1 2 2
2 Tanner Glass David Laliberté 40 1 2 2
4 vs 4 Defense
Defense Defense Time % Phy DF OF
1 Stefan Elliott Damon Severson 60 1 2 2
2 Nick Schultz Jordan Schmaltz 40 1 2 2
Last Minutes Offensive
Center Left Wing Right Wing Defense Defense
Luke Adam Tanner Glass Mattias Tedenby Stefan Elliott Damon Severson
Last Minutes Defensive
Center Left Wing Right Wing Defense Defense
Luke Adam Tanner Glass David Laliberté Stefan Elliott Damon Severson
Goaltenders
Starting : Niklas Svedberg
Backup : Louis Domingue
Extra Forwards
Normal : Oscar Sundqvist, Mattias Tedenby, Luke Adam - PP : Oscar Sundqvist, Radek Faksa - PK : Luke Adam
Extra Defensemen
Normal : Jordan Schmaltz, Stefan Elliott, Nick Schultz - PP : Trevor Van Riemsdyk - PK : Dylan DeMelo, Nick Schultz
Penalty Shots
Mattias Tedenby, Luke Adam, Tanner Glass, David Laliberté, Casey Cizikas
Scratches
Dan Bertram (Healthy), David Rundblad (Healthy), Colton Gillies (Bruised Left Shoulder Injury), Zack Hamill (Healthy), Patrick Wiercioch (Torn Left Knee Ligaments Injury)
Inferno
5 vs 5 Forward
Center Left Wing Right Wing Time % Phy DF OF
1 Vladimir Sobotka David Ullstrom Vladimir Zharkov 40 1 2 2
2 Anders Lee Matt Kassian Kyle Palmieri 30 1 2 2
3 Cal O'Reilly Tanner Pearson Bryan Rust 20 1 2 2
4 Philip Varone Matthew Nieto Tyler Shattock 10 1 2 2
5 vs 5 Defense
Defense Defense Time % Phy DF OF
1 Colby Robak Christian Folin 40 1 2 2
2 Mathieu Brodeur Esa Lindell 30 1 2 2
3 Greg Pateryn Simon Danis-Pepin 20 1 2 2
4 Mathieu Brodeur Simon Danis-Pepin 10 1 2 2
PowerPlay Forward
Center Left Wing Right Wing Time % Phy DF OF
1 Anders Lee David Ullstrom Vladimir Zharkov 60 1 2 2
2 Philip Varone Tanner Pearson Kyle Palmieri 40 1 2 2
PowerPlay Defense
Defense Defense Time % Phy DF OF
1 Colby Robak Christian Folin 60 1 2 2
2 Mathieu Brodeur Esa Lindell 40 1 2 2
Penalty Kill 4 Players Forward
Center Wing Time % Phy DF OF
1 Vladimir Sobotka David Ullstrom 60 1 2 2
2 Anders Lee Vladimir Zharkov 40 1 2 2
Penalty Kill 4 Players Defense
Defense Defense Time % Phy DF OF
1 Colby Robak Christian Folin 60 1 2 2
2 Mathieu Brodeur Simon Danis-Pepin 40 1 2 2
Penalty Kill - 3 Players Forward
Forward Time % Phy DF OF
1 Vladimir Sobotka 60 1 2 2
2 David Ullstrom 40 1 2 2
Penalty Kill - 3 Players Defense
Defense Defense Time % Phy DF OF
1 Colby Robak Christian Folin 60 1 2 2
2 Mathieu Brodeur Simon Danis-Pepin 40 1 2 2
4 vs 4 Forward
Center Wing Time % Phy DF OF
1 Vladimir Sobotka Kyle Palmieri 60 1 2 2
2 Anders Lee David Ullstrom 40 1 2 2
4 vs 4 Defense
Defense Defense Time % Phy DF OF
1 Colby Robak Christian Folin 60 1 2 2
2 Mathieu Brodeur Esa Lindell 40 1 2 2
Last Minutes Offensive
Center Left Wing Right Wing Defense Defense
Vladimir Sobotka David Ullstrom Vladimir Zharkov Colby Robak Christian Folin
Last Minutes Defensive
Center Left Wing Right Wing Defense Defense
Vladimir Sobotka David Ullstrom Vladimir Zharkov Colby Robak Christian Folin
Goaltenders
Starting : Michael Hutchinson
Backup : Christopher Gibson
Extra Forwards
Normal : Anders Lee, Kyle Palmieri, Bryan Rust - PP : Tanner Pearson, Bryan Rust - PK : Vladimir Zharkov
Extra Defensemen
Normal : Greg Pateryn, Esa Lindell, Simon Danis-Pepin - PP : Esa Lindell - PK : Simon Danis-Pepin, Greg Pateryn
Penalty Shots
Anders Lee, Vladimir Zharkov, Tanner Pearson, Bryan Rust, Matt Kassian
Scratches
Chris Brown (Healthy), Victor Rask (Healthy), Frank Corrado (Healthy), Ryan Spooner (Healthy), Joakim Nordstrom (Healthy)
David Savard (Healthy), Trevor Carrick (Healthy), Petteri Lindbohm (Healthy), Daniil Tarasov (Healthy), Branden Troock (Healthy)
Luca Sbisa (Healthy), Nathan Lieuwen (Healthy)
% Time on Ice - Punishers
Lines # - Real PCT - Wanted PCT - Time Play
Normal Forward
1 - 35% - 40% - 19:31
2 - 31% - 30% - 17:13
3 - 22% - 20% - 12:17
4 - 11% - 10% - 6:08
Normal Defense
1 - 39% - 40% - 21:39
2 - 31% - 30% - 16:51
3 - 22% - 20% - 12:03
4 - 8% - 10% - 4:36
PP Forward
1 - 66% - 60% - 1:54
2 - 34% - 40% - 0:58
PP Defense
1 - 74% - 60% - 2:08
2 - 26% - 40% - 0:44
PK Forward
1 - 74% - 60% - 1:28
2 - 26% - 40% - 0:31
PK Defense
1 - 64% - 60% - 1:16
2 - 36% - 40% - 0:43
PK3 Forward
1 - 0% - 60%
2 - 0% - 40%
PK3 Defense
1 - 0% - 60%
2 - 0% - 40%
44 Forward
1 - 0% - 60%
2 - 0% - 40%
44 Defense
1 - 0% - 60%
2 - 0% - 40%
Last Minute Offensive - 0:00
Last Minute Defensive - 0:00
Total
Forward - 60:00
Defense - 60:00
|
% Time on Ice - Inferno
Lines # - Real PCT - Wanted PCT - Time Play
Normal Forward
1 - 37% - 40% - 20:31
2 - 26% - 30% - 14:31
3 - 22% - 20% - 11:57
4 - 15% - 10% - 8:10
Normal Defense
1 - 41% - 40% - 22:47
2 - 30% - 30% - 16:17
3 - 20% - 20% - 11:08
4 - 9% - 10% - 4:57
PP Forward
1 - 55% - 60% - 1:05
2 - 45% - 40% - 0:54
PP Defense
1 - 67% - 60% - 1:20
2 - 33% - 40% - 0:39
PK Forward
1 - 100% - 60% - 2:52
2 - 0% - 40% - 0:00
PK Defense
1 - 68% - 60% - 1:57
2 - 32% - 40% - 0:55
PK3 Forward
1 - 0% - 60%
2 - 0% - 40%
PK3 Defense
1 - 0% - 60%
2 - 0% - 40%
44 Forward
1 - 0% - 60%
2 - 0% - 40%
44 Defense
1 - 0% - 60%
2 - 0% - 40%
Last Minute Offensive - 0:00
Last Minute Defensive - 0:00
Total
Forward - 60:00
Defense - 60:00
|
Play by Play
1st period
0:01 of 1st period - Casey Cizikas wins face-off versus Vladimir Sobotka in neutral zone.
0:52 of 1st period - Wrist shot by Tanner Pearson.
0:52 of 1st period - Stopped by Niklas Svedberg without a rebound.
0:53 of 1st period - Cal O'Reilly wins face-off versus Quinton Howden in Punishers zone.
0:56 of 1st period - Slapshot by Cal O'Reilly.
0:56 of 1st period - Shot Misses the Net.
1:14 of 1st period - Snap shot by Cal O'Reilly.
1:14 of 1st period - Stopped by Niklas Svedberg without a rebound.
1:15 of 1st period - Luke Adam wins face-off versus Vladimir Sobotka in Punishers zone.
1:28 of 1st period - Vladimir Sobotka is hit by Luke Adam and loses puck.
2:31 of 1st period - Wrist shot by David Laliberté.
2:31 of 1st period - Shot Blocked by Bryan Rust.
2:33 of 1st period - Snap shot by Trevor Van Riemsdyk.
2:33 of 1st period - Stopped by Michael Hutchinson without a rebound.
2:34 of 1st period - Casey Cizikas wins face-off versus Vladimir Sobotka in Inferno zone.
2:37 of 1st period - Wrist shot by Mattias Tedenby.
2:37 of 1st period - Stopped by Michael Hutchinson without a rebound.
2:38 of 1st period - Vladimir Sobotka wins face-off versus Casey Cizikas in Inferno zone.
2:38 of 1st period - Vladimir Sobotka is hit by Stefan Elliott.
2:47 of 1st period - Off-side.
2:48 of 1st period - Vladimir Sobotka wins face-off versus Casey Cizikas in neutral zone.
2:51 of 1st period - Stefan Elliott is hit by Vladimir Sobotka and loses puck.
2:58 of 1st period - Snap shot by Vladimir Zharkov.
2:58 of 1st period - Deflect By Vladimir Sobotka.
2:58 of 1st period - Shot Blocked by Stefan Elliott.
2:58 of 1st period - Puck is out of play.
2:59 of 1st period - Anders Lee wins face-off versus Casey Cizikas in Punishers zone.
4:24 of 1st period - Off-side.
4:25 of 1st period - Anders Lee wins face-off versus Casey Cizikas in neutral zone.
5:06 of 1st period - Snap shot by Casey Cizikas.
5:06 of 1st period - Deflect By Mattias Tedenby.
5:06 of 1st period - Goal by Mattias Tedenby - Punishers : 1 - Inferno : 0.
5:07 of 1st period - Vladimir Sobotka wins face-off versus Luke Adam in neutral zone.
5:09 of 1st period - Minor Penalty to Vladimir Zharkov for Slashing.
5:10 of 1st period - Luke Adam wins face-off versus Vladimir Sobotka in Inferno zone.
5:24 of 1st period - Snap shot by Luke Adam.
5:24 of 1st period - Stopped by Michael Hutchinson with a rebound.
5:26 of 1st period - Snap shot by Luke Adam.
5:26 of 1st period - Goal by Luke Adam - Punishers : 2 - Inferno : 0.
5:27 of 1st period - Vladimir Sobotka wins face-off versus Luke Adam in neutral zone.
5:33 of 1st period - Icing by Jordan Schmaltz.
5:34 of 1st period - Luke Adam wins face-off versus Vladimir Sobotka in Punishers zone.
5:47 of 1st period - David Laliberté is hit by Vladimir Zharkov and loses puck.
6:29 of 1st period - Slapshot by David Laliberté.
6:29 of 1st period - Deflect By Luke Adam.
6:29 of 1st period - Stopped by Michael Hutchinson with a rebound.
6:35 of 1st period - Slapshot by David Laliberté.
6:35 of 1st period - Stopped by Michael Hutchinson with a rebound.
6:51 of 1st period - Snap shot by Luke Adam.
6:51 of 1st period - Shot Blocked by Christian Folin.
6:53 of 1st period - Snap shot by Luke Adam.
6:53 of 1st period - Stopped by Michael Hutchinson with a rebound.
7:21 of 1st period - Slapshot by David Laliberté.
7:21 of 1st period - Shot Misses the Net.
7:23 of 1st period - Wrist shot by Luke Adam.
7:23 of 1st period - Shot Hit the Post.
7:25 of 1st period - Slapshot by Damon Severson.
7:25 of 1st period - Deflect By Luke Adam.
7:25 of 1st period - Stopped by Michael Hutchinson without a rebound.
7:26 of 1st period - Casey Cizikas wins face-off versus Anders Lee in Inferno zone.
7:47 of 1st period - Minor Penalty to Mathieu Brodeur for Interference.
7:48 of 1st period - Oscar Sundqvist wins face-off versus Anders Lee in Inferno zone.
7:53 of 1st period - Wrist shot by Mattias Tedenby.
7:53 of 1st period - Shot Blocked by Simon Danis-Pepin.
7:55 of 1st period - Snap shot by Stefan Elliott.
7:55 of 1st period - Shot Misses the Net.
7:57 of 1st period - Backhand shot by Stefan Elliott.
7:57 of 1st period - Shot Misses the Net.
7:59 of 1st period - Snap shot by Mattias Tedenby.
7:59 of 1st period - Goal by Mattias Tedenby - Punishers : 3 - Inferno : 0.
8:00 of 1st period - Mattias Tedenby wins face-off versus Cal O'Reilly in neutral zone.
8:25 of 1st period - Erik Nystrom is hit by Kyle Palmieri and loses puck.
8:51 of 1st period - Icing by Greg Pateryn.
8:52 of 1st period - Philip Varone wins face-off versus Oscar Sundqvist in Inferno zone.
10:02 of 1st period - Minor Penalty to Erik Nystrom for Slashing.
10:03 of 1st period - Luke Adam wins face-off versus Anders Lee in Punishers zone.
10:08 of 1st period - Christian Folin is hit by Oscar Sundqvist and loses puck.
10:35 of 1st period - Snap shot by Tanner Pearson.
10:35 of 1st period - Stopped by Niklas Svedberg without a rebound.
10:36 of 1st period - Tanner Glass wins face-off versus Anders Lee in Punishers zone.
12:02 of 1st period - Penalty to Erik Nystrom is over, Erik Nystrom is back on ice.
12:14 of 1st period - Wrist shot by Tanner Glass.
12:14 of 1st period - Goal by Tanner Glass - Punishers : 4 - Inferno : 0.
12:14 of 1st period - Christopher Gibson enters game.
12:15 of 1st period - Cal O'Reilly wins face-off versus Casey Cizikas in neutral zone.
12:22 of 1st period - Snap shot by Tanner Pearson.
12:22 of 1st period - Shot Misses the Net.
12:51 of 1st period - Oscar Sundqvist is hit by Anders Lee.
13:09 of 1st period - Snap shot by Vladimir Zharkov.
13:09 of 1st period - Shot Misses the Net.
13:29 of 1st period - Snap shot by Tanner Glass.
13:29 of 1st period - Shot Misses the Net.
14:17 of 1st period - Snap shot by Philip Varone.
14:17 of 1st period - Deflect By Tyler Shattock.
14:17 of 1st period - Stopped by Niklas Svedberg with a rebound.
14:19 of 1st period - Slapshot by Colby Robak.
14:19 of 1st period - Shot Misses the Net.
14:31 of 1st period - Slapshot by Colby Robak.
14:31 of 1st period - Shot Misses the Net.
14:55 of 1st period - Snap shot by Philip Varone.
14:55 of 1st period - Shot Misses the Net.
14:57 of 1st period - Snap shot by Christian Folin.
14:57 of 1st period - Shot Blocked by Nick Schultz.
14:59 of 1st period - Wrist shot by Colby Robak.
14:59 of 1st period - Deflect By Matthew Nieto.
14:59 of 1st period - Stopped by Niklas Svedberg with a rebound.
15:03 of 1st period - Snap shot by Philip Varone.
15:03 of 1st period - Deflect By Stefan Elliott.
15:03 of 1st period - Shot Blocked by Nick Schultz.
15:03 of 1st period - Puck is out of play.
15:04 of 1st period - Casey Cizikas wins face-off versus Vladimir Sobotka in Punishers zone.
16:02 of 1st period - Snap shot by Cal O'Reilly.
16:02 of 1st period - Shot Misses the Net.
16:28 of 1st period - Wrist shot by Anders Lee.
16:28 of 1st period - Shot Hit the Post.
16:46 of 1st period - Icing by Damon Severson.
16:47 of 1st period - Carter Ashton wins face-off versus Vladimir Sobotka in Punishers zone.
17:31 of 1st period - Christian Folin is hit by Mattias Tedenby and loses puck.
18:10 of 1st period - Snap shot by Miikka Salomaki.
18:10 of 1st period - Shot Blocked by Greg Pateryn.
18:39 of 1st period - Nick Schultz is hit by Tyler Shattock.
19:16 of 1st period - Luke Adam is hit by Anders Lee and loses puck.
19:50 of 1st period - Miikka Salomaki is hit by Tyler Shattock and loses puck.
Goals for this period are 4 for Punishers vs 0 for Inferno.
Shots for this period are 11 for Punishers vs 5 for Inferno.
2nd period
0:01 of 2nd period - Vladimir Sobotka wins face-off versus Casey Cizikas in neutral zone.
0:08 of 2nd period - Snap shot by David Ullstrom.
0:08 of 2nd period - Shot Misses the Net.
0:10 of 2nd period - Slapshot by Colby Robak.
0:10 of 2nd period - Shot Misses the Net.
0:12 of 2nd period - Snap shot by Vladimir Sobotka.
0:12 of 2nd period - Stopped by Niklas Svedberg with a rebound.
0:14 of 2nd period - Slapshot by Christian Folin.
0:14 of 2nd period - Deflect By Mattias Tedenby.
0:14 of 2nd period - Stopped by Niklas Svedberg with a rebound.
0:16 of 2nd period - Wrist shot by David Ullstrom.
0:16 of 2nd period - Shot Blocked by Tanner Glass.
0:26 of 2nd period - Kyle Palmieri is hit by Miikka Salomaki and loses puck.
0:31 of 2nd period - Wrist shot by Oscar Sundqvist.
0:31 of 2nd period - Stopped by Christopher Gibson with a rebound.
0:45 of 2nd period - Snap shot by Cal O'Reilly.
0:45 of 2nd period - Shot Misses the Net.
1:29 of 2nd period - Backhand shot by Vladimir Sobotka.
1:29 of 2nd period - Shot Blocked by Erik Nystrom.
1:38 of 2nd period - Icing by Nick Schultz.
1:39 of 2nd period - Anders Lee wins face-off versus Oscar Sundqvist in Punishers zone.
1:44 of 2nd period - Wrist shot by Matt Kassian.
1:44 of 2nd period - Shot Blocked by Erik Nystrom.
1:52 of 2nd period - Colby Robak is hit by Erik Nystrom and loses puck.
2:01 of 2nd period - Slapshot by Nick Schultz.
2:01 of 2nd period - Stopped by Christopher Gibson without a rebound.
2:02 of 2nd period - Vladimir Sobotka wins face-off versus Casey Cizikas in Inferno zone.
2:16 of 2nd period - Wrist shot by Vladimir Zharkov.
2:16 of 2nd period - Shot Blocked by Mattias Tedenby.
2:34 of 2nd period - Wrist shot by Luke Adam.
2:34 of 2nd period - Shot Misses the Net.
2:54 of 2nd period - Snap shot by Quinton Howden.
2:54 of 2nd period - Goal by Quinton Howden - Punishers : 5 - Inferno : 0.
2:55 of 2nd period - David Ullstrom wins face-off versus Casey Cizikas in neutral zone.
3:02 of 2nd period - Wrist shot by Vladimir Zharkov.
3:02 of 2nd period - Stopped by Niklas Svedberg with a rebound.
3:20 of 2nd period - Luke Adam is hit by Tanner Pearson and loses puck.
3:54 of 2nd period - Slapshot by Matt Kassian.
3:54 of 2nd period - Stopped by Niklas Svedberg with a rebound.
4:10 of 2nd period - Mathieu Brodeur is hit by Jordan Schmaltz and loses puck.
4:33 of 2nd period - Wrist shot by Philip Varone.
4:33 of 2nd period - Shot Hit the Post.
4:49 of 2nd period - Quinton Howden is hit by Bryan Rust and loses puck.
4:58 of 2nd period - Wrist shot by Cal O'Reilly.
4:58 of 2nd period - Stopped by Niklas Svedberg without a rebound.
4:59 of 2nd period - David Ullstrom wins face-off versus Luke Adam in Punishers zone.
5:02 of 2nd period - Wrist shot by David Ullstrom.
5:02 of 2nd period - Stopped by Niklas Svedberg without a rebound.
5:03 of 2nd period - Luke Adam wins face-off versus Vladimir Sobotka in Punishers zone.
5:03 of 2nd period - Luke Adam is hit by Vladimir Zharkov.
5:15 of 2nd period - Slapshot by David Laliberté.
5:15 of 2nd period - Stopped by Christopher Gibson with a rebound.
6:00 of 2nd period - Icing by Matt Kassian.
6:01 of 2nd period - Casey Cizikas wins face-off versus Anders Lee in Inferno zone.
6:02 of 2nd period - Snap shot by Mattias Tedenby.
6:02 of 2nd period - Shot Blocked by Matt Kassian.
6:26 of 2nd period - Snap shot by Kyle Palmieri.
6:26 of 2nd period - Shot Misses the Net.
6:28 of 2nd period - Snap shot by Matt Kassian.
6:28 of 2nd period - Shot Blocked by Dylan DeMelo.
6:30 of 2nd period - Snap shot by Matt Kassian.
6:30 of 2nd period - Stopped by Niklas Svedberg without a rebound.
6:31 of 2nd period - Vladimir Sobotka wins face-off versus Oscar Sundqvist in Punishers zone.
6:39 of 2nd period - Stefan Elliott is hit by David Ullstrom and loses puck.
6:53 of 2nd period - Icing by Vladimir Zharkov.
6:54 of 2nd period - Luke Adam wins face-off versus Cal O'Reilly in Inferno zone.
7:07 of 2nd period - Snap shot by Cal O'Reilly.
7:07 of 2nd period - Shot Misses the Net.
7:09 of 2nd period - Snap shot by Bryan Rust.
7:09 of 2nd period - Shot Misses the Net.
7:19 of 2nd period - Vladimir Sobotka is hit by Tanner Glass.
7:29 of 2nd period - Slapshot by Mattias Tedenby.
7:29 of 2nd period - Shot Misses the Net.
7:41 of 2nd period - Wrist shot by Anders Lee.
7:41 of 2nd period - Shot Hit the Post.
8:19 of 2nd period - Greg Pateryn is hit by Luke Adam and loses puck.
8:43 of 2nd period - Colby Robak is hit by Erik Nystrom and loses puck.
9:01 of 2nd period - Slapshot by Colby Robak.
9:01 of 2nd period - Shot Hit the Post.
9:13 of 2nd period - Wrist shot by Tanner Glass.
9:13 of 2nd period - Stopped by Christopher Gibson without a rebound.
9:14 of 2nd period - Anders Lee wins face-off versus Quinton Howden in Inferno zone.
9:27 of 2nd period - Snap shot by Kyle Palmieri.
9:27 of 2nd period - Stopped by Niklas Svedberg without a rebound.
9:28 of 2nd period - Luke Adam wins face-off versus Anders Lee in Punishers zone.
10:02 of 2nd period - Minor Penalty to Vladimir Sobotka for Roughing.
10:03 of 2nd period - Vladimir Zharkov wins face-off versus Luke Adam in Inferno zone.
10:14 of 2nd period - Wrist shot by Luke Adam.
10:14 of 2nd period - Deflect By Mattias Tedenby.
10:14 of 2nd period - Shot Misses the Net.
10:14 of 2nd period - Puck is out of play.
10:15 of 2nd period - Luke Adam wins face-off versus David Ullstrom in Inferno zone.
10:24 of 2nd period - Wrist shot by Mattias Tedenby.
10:24 of 2nd period - Shot Misses the Net.
10:26 of 2nd period - Slapshot by Damon Severson.
10:26 of 2nd period - Shot Misses the Net.
10:28 of 2nd period - Backhand shot by Mattias Tedenby.
10:28 of 2nd period - Shot Blocked by Christian Folin.
10:40 of 2nd period - Vladimir Zharkov is hit by Garret Ross and loses puck.
12:02 of 2nd period - Penalty to Vladimir Sobotka is over, Vladimir Sobotka is back on ice.
12:11 of 2nd period - Slapshot by Cal O'Reilly.
12:11 of 2nd period - Shot Misses the Net.
12:29 of 2nd period - Kyle Palmieri is hit by Tanner Glass and loses puck.
13:34 of 2nd period - Snap shot by Philip Varone.
13:34 of 2nd period - Stopped by Niklas Svedberg with a rebound.
13:36 of 2nd period - Snap shot by Tyler Shattock.
13:36 of 2nd period - Shot Blocked by Casey Cizikas.
13:38 of 2nd period - Slapshot by Tyler Shattock.
13:38 of 2nd period - Shot Misses the Net.
13:50 of 2nd period - Slapshot by David Ullstrom.
13:50 of 2nd period - Deflect By Vladimir Zharkov.
13:50 of 2nd period - Shot Misses the Net.
13:50 of 2nd period - Puck is out of play.
13:51 of 2nd period - Vladimir Sobotka wins face-off versus Oscar Sundqvist in Punishers zone.
13:52 of 2nd period - Wrist shot by David Ullstrom.
13:52 of 2nd period - Shot Misses the Net.
13:54 of 2nd period - Wrist shot by Vladimir Zharkov.
13:54 of 2nd period - Shot Misses the Net.
13:56 of 2nd period - Wrist shot by David Ullstrom.
13:56 of 2nd period - Shot Blocked by Trevor Van Riemsdyk.
13:58 of 2nd period - Slapshot by Colby Robak.
13:58 of 2nd period - Shot Blocked by Erik Nystrom.
14:00 of 2nd period - Snap shot by Vladimir Sobotka.
14:00 of 2nd period - Stopped by Niklas Svedberg without a rebound.
14:01 of 2nd period - Casey Cizikas wins face-off versus Anders Lee in Punishers zone.
14:35 of 2nd period - Wrist shot by David Ullstrom.
14:35 of 2nd period - Stopped by Niklas Svedberg with a rebound.
14:47 of 2nd period - Wrist shot by Cal O'Reilly.
14:47 of 2nd period - Shot Misses the Net.
14:49 of 2nd period - Snap shot by Bryan Rust.
14:49 of 2nd period - Shot Misses the Net.
14:53 of 2nd period - Snap shot by Cal O'Reilly.
14:53 of 2nd period - Deflect By Tanner Pearson.
14:53 of 2nd period - Stopped by Niklas Svedberg without a rebound.
14:54 of 2nd period - Casey Cizikas wins face-off versus Vladimir Sobotka in Punishers zone.
15:46 of 2nd period - Miikka Salomaki is hit by Philip Varone and loses puck.
16:30 of 2nd period - Backhand shot by Vladimir Zharkov.
16:30 of 2nd period - Deflect By Vladimir Sobotka.
16:30 of 2nd period - Shot Blocked by Garret Ross.
16:30 of 2nd period - Puck is out of play.
16:31 of 2nd period - Vladimir Sobotka wins face-off versus Casey Cizikas in Punishers zone.
16:46 of 2nd period - Wrist shot by Mattias Tedenby.
16:46 of 2nd period - Shot Blocked by David Ullstrom.
17:04 of 2nd period - Snap shot by Kyle Palmieri.
17:04 of 2nd period - Shot Blocked by David Laliberté.
17:06 of 2nd period - Wrist shot by Anders Lee.
17:06 of 2nd period - Shot Misses the Net.
17:08 of 2nd period - Slapshot by Kyle Palmieri.
17:08 of 2nd period - Shot Misses the Net.
17:10 of 2nd period - Wrist shot by Colby Robak.
17:10 of 2nd period - Deflect By Kyle Palmieri.
17:10 of 2nd period - Stopped by Niklas Svedberg without a rebound.
17:11 of 2nd period - Oscar Sundqvist wins face-off versus Cal O'Reilly in Punishers zone.
17:26 of 2nd period - Icing by Miikka Salomaki.
17:27 of 2nd period - Vladimir Sobotka wins face-off versus Oscar Sundqvist in Punishers zone.
17:28 of 2nd period - Wrist shot by Vladimir Zharkov.
17:28 of 2nd period - Stopped by Niklas Svedberg with a rebound.
17:30 of 2nd period - Snap shot by Christian Folin.
17:30 of 2nd period - Shot Misses the Net.
17:32 of 2nd period - Snap shot by Vladimir Sobotka.
17:32 of 2nd period - Shot Blocked by Nick Schultz.
17:50 of 2nd period - Slapshot by Stefan Elliott.
17:50 of 2nd period - Deflect By Erik Nystrom.
17:50 of 2nd period - Stopped by Christopher Gibson with a rebound.
17:52 of 2nd period - Slapshot by Nick Schultz.
17:52 of 2nd period - Shot Misses the Net.
17:58 of 2nd period - Slapshot by Christian Folin.
17:58 of 2nd period - Shot Blocked by Nick Schultz.
18:15 of 2nd period - Wrist shot by Bryan Rust.
18:15 of 2nd period - Shot Misses the Net.
18:31 of 2nd period - Snap shot by Casey Cizikas.
18:31 of 2nd period - Shot Blocked by Esa Lindell.
18:33 of 2nd period - Slapshot by Nick Schultz.
18:33 of 2nd period - Deflect By Mattias Tedenby.
18:33 of 2nd period - Shot Misses the Net.
18:33 of 2nd period - Puck is out of play.
18:34 of 2nd period - Anders Lee wins face-off versus Casey Cizikas in Inferno zone.
19:09 of 2nd period - Slapshot by Esa Lindell.
19:09 of 2nd period - Shot Blocked by Luke Adam.
19:11 of 2nd period - Wrist shot by Tanner Pearson.
19:11 of 2nd period - Shot Misses the Net.
19:33 of 2nd period - Damon Severson is hit by Vladimir Zharkov and loses puck.
Goals for this period are 1 for Punishers vs 0 for Inferno.
Shots for this period are 6 for Punishers vs 14 for Inferno.
3rd period
0:01 of 3rd period - Casey Cizikas wins face-off versus Vladimir Sobotka in neutral zone.
0:04 of 3rd period - Wrist shot by Mattias Tedenby.
0:04 of 3rd period - Stopped by Christopher Gibson without a rebound.
0:05 of 3rd period - Vladimir Sobotka wins face-off versus Mattias Tedenby in Inferno zone.
0:20 of 3rd period - Slapshot by David Ullstrom.
0:20 of 3rd period - Stopped by Niklas Svedberg with a rebound.
1:22 of 3rd period - Mathieu Brodeur is hit by Tanner Glass.
2:04 of 3rd period - Slapshot by Matthew Nieto.
2:04 of 3rd period - Shot Blocked by Trevor Van Riemsdyk.
2:06 of 3rd period - Slapshot by Philip Varone.
2:06 of 3rd period - Stopped by Niklas Svedberg without a rebound.
2:07 of 3rd period - Vladimir Sobotka wins face-off versus Luke Adam in Punishers zone.
2:20 of 3rd period - Snap shot by Luke Adam.
2:20 of 3rd period - Stopped by Christopher Gibson with a rebound.
2:22 of 3rd period - Slapshot by Stefan Elliott.
2:22 of 3rd period - Deflect By David Laliberté.
2:22 of 3rd period - Stopped by Christopher Gibson without a rebound.
2:23 of 3rd period - Matt Kassian wins face-off versus Casey Cizikas in Inferno zone.
2:30 of 3rd period - Snap shot by Kyle Palmieri.
2:30 of 3rd period - Goal by Kyle Palmieri - Punishers : 5 - Inferno : 1.
2:31 of 3rd period - Vladimir Sobotka wins face-off versus Casey Cizikas in neutral zone.
2:56 of 3rd period - Nick Schultz is hit by Kyle Palmieri and loses puck.
3:22 of 3rd period - Icing by Nick Schultz.
3:23 of 3rd period - Tyler Shattock wins face-off versus Oscar Sundqvist in Punishers zone.
3:34 of 3rd period - Slapshot by Stefan Elliott.
3:34 of 3rd period - Deflect By Erik Nystrom.
3:34 of 3rd period - Shot Misses the Net.
3:34 of 3rd period - Puck is out of play.
3:35 of 3rd period - David Ullstrom wins face-off versus Tanner Glass in Inferno zone.
3:44 of 3rd period - Snap shot by David Ullstrom.
3:44 of 3rd period - Stopped by Niklas Svedberg without a rebound.
3:45 of 3rd period - Casey Cizikas wins face-off versus Vladimir Zharkov in Punishers zone.
3:45 of 3rd period - Casey Cizikas is hit by Mathieu Brodeur.
4:24 of 3rd period - Minor Penalty to Esa Lindell for Boarding.
4:25 of 3rd period - Vladimir Sobotka wins face-off versus Casey Cizikas in Inferno zone.
4:38 of 3rd period - Off-side.
4:39 of 3rd period - Vladimir Sobotka wins face-off versus Luke Adam in neutral zone.
4:48 of 3rd period - Snap shot by Luke Adam.
4:48 of 3rd period - Goal by Luke Adam - Punishers : 6 - Inferno : 1.
4:49 of 3rd period - Vladimir Zharkov wins face-off versus Casey Cizikas in neutral zone.
4:52 of 3rd period - Casey Cizikas is hit by Vladimir Zharkov and loses puck.
5:00 of 3rd period - Off-side.
5:01 of 3rd period - Vladimir Sobotka wins face-off versus Mattias Tedenby in neutral zone.
5:33 of 3rd period - Slapshot by Garret Ross.
5:33 of 3rd period - Shot Misses the Net.
5:51 of 3rd period - Erik Nystrom is hit by Esa Lindell and loses puck.
6:14 of 3rd period - Slapshot by Simon Danis-Pepin.
6:14 of 3rd period - Stopped by Niklas Svedberg without a rebound.
6:15 of 3rd period - Vladimir Sobotka wins face-off versus Mattias Tedenby in Punishers zone.
6:16 of 3rd period - Snap shot by Vladimir Zharkov.
6:16 of 3rd period - Shot Misses the Net.
6:30 of 3rd period - Slapshot by Casey Cizikas.
6:30 of 3rd period - Stopped by Christopher Gibson with a rebound.
6:40 of 3rd period - Dylan DeMelo is hit by Kyle Palmieri and loses puck.
7:01 of 3rd period - Backhand shot by Miikka Salomaki.
7:01 of 3rd period - Deflect By Oscar Sundqvist.
7:01 of 3rd period - Shot Misses the Net.
7:01 of 3rd period - Puck is out of play.
7:02 of 3rd period - Cal O'Reilly wins face-off versus Oscar Sundqvist in Inferno zone.
7:15 of 3rd period - Snap shot by Stefan Elliott.
7:15 of 3rd period - Stopped by Christopher Gibson without a rebound.
7:16 of 3rd period - Vladimir Sobotka wins face-off versus Casey Cizikas in Inferno zone.
7:31 of 3rd period - Slapshot by Vladimir Zharkov.
7:31 of 3rd period - Shot Misses the Net.
8:20 of 3rd period - Snap shot by Casey Cizikas.
8:20 of 3rd period - Stopped by Christopher Gibson without a rebound.
8:21 of 3rd period - Luke Adam wins face-off versus Vladimir Sobotka in Inferno zone.
8:28 of 3rd period - Vladimir Zharkov is hit by Luke Adam and loses puck.
8:34 of 3rd period - Mathieu Brodeur and David Laliberté fight to a draw.
8:34 of 3rd period - Penalty to Mathieu Brodeur for Fighting.
8:34 of 3rd period - Penalty to David Laliberté for Fighting.
8:35 of 3rd period - Luke Adam wins face-off versus Vladimir Sobotka in neutral zone.
8:49 of 3rd period - Wrist shot by Vladimir Sobotka.
8:49 of 3rd period - Stopped by Niklas Svedberg with a rebound.
8:51 of 3rd period - Slapshot by Esa Lindell.
8:51 of 3rd period - Stopped by Niklas Svedberg with a rebound.
10:19 of 3rd period - Icing by Damon Severson.
10:20 of 3rd period - Anders Lee wins face-off versus Carter Ashton in Punishers zone.
10:21 of 3rd period - Snap shot by Kyle Palmieri.
10:21 of 3rd period - Stopped by Niklas Svedberg without a rebound.
10:22 of 3rd period - Vladimir Sobotka wins face-off versus Quinton Howden in Punishers zone.
10:29 of 3rd period - Snap shot by Vladimir Sobotka.
10:29 of 3rd period - Deflect By Carter Ashton.
10:29 of 3rd period - Stopped by Niklas Svedberg without a rebound.
10:30 of 3rd period - Vladimir Sobotka wins face-off versus Luke Adam in Punishers zone.
11:05 of 3rd period - Wrist shot by Kyle Palmieri.
11:05 of 3rd period - Shot Misses the Net.
11:07 of 3rd period - Slapshot by Christian Folin.
11:07 of 3rd period - Deflect By Kyle Palmieri.
11:07 of 3rd period - Stopped by Niklas Svedberg without a rebound.
11:08 of 3rd period - Luke Adam wins face-off versus Cal O'Reilly in Punishers zone.
11:42 of 3rd period - Snap shot by Tanner Glass.
11:42 of 3rd period - Shot Blocked by Simon Danis-Pepin.
11:44 of 3rd period - Wrist shot by Mattias Tedenby.
11:44 of 3rd period - Goal by Mattias Tedenby - Punishers : 7 - Inferno : 1.
11:45 of 3rd period - Vladimir Sobotka wins face-off versus Casey Cizikas in neutral zone.
11:59 of 3rd period - Off-side.
12:00 of 3rd period - Anders Lee wins face-off versus Luke Adam in neutral zone.
12:07 of 3rd period - Slapshot by Matt Kassian.
12:07 of 3rd period - Goal by Matt Kassian - Punishers : 7 - Inferno : 2.
12:08 of 3rd period - Vladimir Sobotka wins face-off versus Casey Cizikas in neutral zone.
12:08 of 3rd period - Vladimir Sobotka is hit by Casey Cizikas.
12:12 of 3rd period - Snap shot by Christian Folin.
12:12 of 3rd period - Stopped by Niklas Svedberg with a rebound.
12:14 of 3rd period - Slapshot by Christian Folin.
12:14 of 3rd period - Stopped by Niklas Svedberg without a rebound.
12:15 of 3rd period - Vladimir Sobotka wins face-off versus Casey Cizikas in Punishers zone.
12:50 of 3rd period - Wrist shot by Garret Ross.
12:50 of 3rd period - Shot Misses the Net.
14:03 of 3rd period - Slapshot by David Laliberté.
14:03 of 3rd period - Stopped by Christopher Gibson without a rebound.
14:04 of 3rd period - Anders Lee wins face-off versus Luke Adam in Inferno zone.
14:17 of 3rd period - Backhand shot by Luke Adam.
14:17 of 3rd period - Stopped by Christopher Gibson with a rebound.
14:19 of 3rd period - Slapshot by Nick Schultz.
14:19 of 3rd period - Stopped by Christopher Gibson without a rebound.
14:20 of 3rd period - Casey Cizikas wins face-off versus Vladimir Sobotka in Inferno zone.
14:29 of 3rd period - Snap shot by Mattias Tedenby.
14:29 of 3rd period - Shot Blocked by Vladimir Zharkov.
14:31 of 3rd period - Wrist shot by Mattias Tedenby.
14:31 of 3rd period - Shot Blocked by David Ullstrom.
14:33 of 3rd period - Slapshot by Nick Schultz.
14:33 of 3rd period - Shot Misses the Net.
14:35 of 3rd period - Slapshot by Casey Cizikas.
14:35 of 3rd period - Goal by Casey Cizikas - Punishers : 8 - Inferno : 2.
14:36 of 3rd period - Vladimir Sobotka wins face-off versus Tanner Glass in neutral zone.
14:41 of 3rd period - Snap shot by David Ullstrom.
14:41 of 3rd period - Stopped by Niklas Svedberg without a rebound.
14:42 of 3rd period - David Ullstrom wins face-off versus Casey Cizikas in Punishers zone.
14:56 of 3rd period - Wrist shot by Vladimir Zharkov.
14:56 of 3rd period - Stopped by Niklas Svedberg without a rebound.
14:57 of 3rd period - Luke Adam wins face-off versus Anders Lee in Punishers zone.
15:04 of 3rd period - Wrist shot by Kyle Palmieri.
15:04 of 3rd period - Stopped by Niklas Svedberg without a rebound.
15:05 of 3rd period - Luke Adam wins face-off versus Anders Lee in Punishers zone.
15:11 of 3rd period - Off-side.
15:12 of 3rd period - Casey Cizikas wins face-off versus David Ullstrom in neutral zone.
15:17 of 3rd period - Slapshot by Tanner Glass.
15:17 of 3rd period - Deflect By Mattias Tedenby.
15:17 of 3rd period - Shot Misses the Net.
15:17 of 3rd period - Puck is out of play.
15:18 of 3rd period - David Ullstrom wins face-off versus Casey Cizikas in Inferno zone.
16:07 of 3rd period - Slapshot by Oscar Sundqvist.
16:07 of 3rd period - Shot Blocked by Christian Folin.
16:09 of 3rd period - Wrist shot by Miikka Salomaki.
16:09 of 3rd period - Shot Misses the Net.
16:11 of 3rd period - Snap shot by Erik Nystrom.
16:11 of 3rd period - Goal by Erik Nystrom - Punishers : 9 - Inferno : 2.
16:12 of 3rd period - Casey Cizikas wins face-off versus Vladimir Sobotka in neutral zone.
16:17 of 3rd period - Snap shot by Tanner Glass.
16:17 of 3rd period - Stopped by Christopher Gibson with a rebound.
16:53 of 3rd period - Icing by Stefan Elliott.
16:54 of 3rd period - Oscar Sundqvist wins face-off versus Cal O'Reilly in Punishers zone.
17:47 of 3rd period - Snap shot by Philip Varone.
17:47 of 3rd period - Shot Blocked by Trevor Van Riemsdyk.
17:49 of 3rd period - Slapshot by Mathieu Brodeur.
17:49 of 3rd period - Deflect By Matthew Nieto.
17:49 of 3rd period - Goal by Matthew Nieto - Punishers : 9 - Inferno : 3.
17:50 of 3rd period - Casey Cizikas wins face-off versus Vladimir Sobotka in neutral zone.
18:09 of 3rd period - Christian Folin is hit by Casey Cizikas and loses puck.
18:36 of 3rd period - Snap shot by Mattias Tedenby.
18:36 of 3rd period - Stopped by Christopher Gibson without a rebound.
18:37 of 3rd period - Anders Lee wins face-off versus Luke Adam in Inferno zone.
19:04 of 3rd period - Miikka Salomaki is hit by David Ullstrom and loses puck.
19:29 of 3rd period - Wrist shot by Carter Ashton.
19:29 of 3rd period - Shot Misses the Net.
Goals for this period are 4 for Punishers vs 3 for Inferno.
Shots for this period are 15 for Punishers vs 17 for Inferno.
Back to the Top